 Dungeon Crawl Stone Soup version 0.30-a0-1008-g30c9307041 (webtiles) character file.

Game seed: 7373155651446908825

36 Chaicat the Trooper (level 3, -8/33 HPs)
             Began as a Minotaur Berserker on Apr 5, 2023.
             Was a Follower of Trog.
             Killed from afar by an orc wizard (10 damage)
             ... with a puff of flame
             ... on level 2 of the Dungeon.
             The game lasted 00:02:26 (1220 turns).

Chaicat the Trooper (Minotaur Berserker)            Turns: 1220, Time: 00:02:27

Health: -8/33      AC:  3    Str: 23    XL:     3   Next: 19%
Magic:  2/2        EV: 12    Int:  4    God:    Trog [*.....]
Gold:   76         SH:  0    Dex:  9    Spells: 2/2 levels left

rFire   . . .      SeeInvis .    a - +0 hand axe
rCold   . . .      Faith    .    (no shield)
rNeg    . . .      Spirit   .    b - +0 animal skin
rPois   .          Reflect  .    (helmet restricted)
rElec   .          Rampage  .    e - +0 cloak
rCorr   .                        (no gloves)
Will    .....                    (no boots)
Stlth   +                        c - amulet of regeneration
HPRegen 1.05/turn                (no ring)
MPRegen 0.08/turn                (no ring)

@: no status effects
A: horns 2, retaliatory headbutt
a: Renounce Religion, Berserk


You were on level 2 of the Dungeon.
You worshipped Trog.
Trog was aware of your devotion.
You visited 1 branch of the dungeon, and saw 2 of its levels.

You collected 76 gold pieces.

Inventory:

Hand Weapons
 a - a +0 hand axe (weapon)
Armour
 b - a +0 animal skin (worn)
 e - a +0 cloak (worn)
Jewellery
 c - an amulet of regeneration (around neck)
Scrolls
 d - a scroll of identify


   Skills:
 + Level 4.1 Fighting
 + Level 4.1 Axes
 + Level 3.0 Armour
 + Level 2.7 Dodging


You had 2 spell levels left.
You didn't know any spells.
Your spell library was empty.

Dungeon Overview and Level Annotations

Branches:
Dungeon (2/15)

Altars:
Fedhas

Shops:
D:1 (


Innate Abilities, Weirdness & Mutations

You have a pair of horns on your head.
You reflexively headbutt those who attack you in melee.


Message History

You see here 4 stones.
An orc comes into view. It is wielding a +0 whip.
The orc shouts!
An orc is nearby! 2 orc wizards and an orc come into view.
The orc wizard shouts! x2
An orc comes into view. It is wielding a +0 hand axe.
The orc shouts!
The orc wizard casts a spell.
The orc wizard flickers and vanishes!
Deactivating autopickup; reactivate with Ctrl-A.
The orc shouts!
You hit the orc.
The orc is lightly wounded.
The orc hits you with a +0 whip.
The orc wizard points at you and mumbles some strange words.
The puff of flame hits you! The orc closely misses you.
You furiously retaliate!
You headbutt the orc. You closely miss the orc.
The orc is heavily wounded.
You hit something but do no damage. You hit the orc wizard.
The orc hits you with a +0 whip. Something hits you.
The orc wizard hits you with a +0 dagger.
You are too injured to fight recklessly!
You are too injured to fight recklessly!
You are too injured to fight recklessly!
Unknown command.
You are too injured to fight recklessly!
You are too injured to fight recklessly!
Unknown command.
You are too injured to fight recklessly!
You are too injured to fight recklessly!
The orc hits you with a +0 whip.
* * * LOW HITPOINT WARNING * * *
A magic dart appears from out of thin air!
The magic dart hits you!
* * * LOW HITPOINT WARNING * * *
The orc wizard points at you and mumbles some strange words.
The puff of flame hits you!
You die...

...#...#...# #(#
.....#####.....
##.## ...#..>#
.##.. #...##
####.#.# ## ..
##.#.#.## #.#...
# #.#..##.# #.#
.#.## ##..##.##
... ......####
##.#.## #.#
#....o{o####
#..## .#
#....oo.@..###.##
...#######.....#
#.##### #.# #.#
#.# #.# #.# ..#


You could see an orc wizard and 3 orcs.

Vanquished Creatures
  An adder (D:2)
  2 dart slugs (D:1)
  A ball python (D:1)
  An endoplasm (D:2)
  2 giant cockroaches (D:1)
  4 goblins
  A hobgoblin (D:1)
  2 quokkas
  2 bats (D:1)
  A frilled lizard (D:1)
  5 rats
22 creatures vanquished.

Notes
Turn   | Place    | Note
-------+----------+-------------------------------------------
     0 | D:1      | Chaicat the Minotaur Berserker began the quest for the Orb.
     0 | D:1      | Reached XP level 1. HP: 19/19 MP: 0/0
   326 | D:1      | Reached XP level 2. HP: 13/27 MP: 1/1
   461 | D:1      | Found Jometur's Weapon Boutique.
   514 | D:1      | Found a faded altar of an unknown god.
   988 | D:2      | Reached XP level 3. HP: 17/33 MP: 2/2
  1169 | D:2      | Found a blossoming altar of Fedhas.
  1220 | D:2      | Killed from afar by an orc wizard

Illustrated notes

Levels and vault maps discovered:
D:1:      lightli_molten_gateway, layout_basic, serial_shops,
          nicolae_shop_bloodbath_and_beyond, chequers_ecumenical_altar_twisty
D:2:      layout_loops_cross, basic_altar

Skill      XL: |  1  2 |
---------------+-------+-----
Axes           | 4 |  4.1
Fighting       | 4 |  4.1
Armour         | 3 |  3.0
Dodging        | |  2.7

Action                     || total
---------------------------++-------
  Melee: Hand axe          ||    50
         Headbutt          ||     7
    Use: Scroll            ||     3
 Armour: Animal skin       ||     4
  Dodge: Dodged            ||    30

Table legend: (Time is in decaauts)
 A = Elapsed time spent in this place.
 B = Non-inter-level travel time spent in this place.
 C = Inter-level travel time spent in this place.
 D = Time resting spent in this place.
 E = Time spent auto-exploring this place.
 F = Levels seen in this place.
 G = Mean time per level.
                   A        B        C        D        E       F      G
               +--------+--------+--------+--------+--------+-----+--------+
         Total |   1224 |   1176 |     48 |     93 |    921 |   2 |  612.0 |
       Dungeon |   1224 |   1176 |     48 |     93 |    921 |   2 |  612.0 |
               +--------+--------+--------+--------+--------+-----+--------+

Top non-repeatable levels by time:
     D:1: 957 daAuts
     D:2: 266 daAuts
